 Dungeon Crawl Stone Soup version 0.28-a0-535-g6f645e4c1d (webtiles) character file.

Game seed: 6895404490910951368

180 Spaninq the Chopper (level 5, -4/47 HPs)
             Began as a Hill Orc Abyssal Knight on Sept 26, 2021.
             Was a Believer of Lugonu.
             Slain by a wyvern (14 damage)
             ... on level 4 of the Dungeon.
             The game lasted 00:06:38 (3395 turns).

Spaninq the Chopper (Hill Orc Abyssal Knight)       Turns: 3395, Time: 00:06:39

Health: -4/47      AC: 13    Str: 17    XL:     5   Next: 60%
Magic:  7/7        EV: 10    Int: 10    God:    Lugonu [**....]
Gold:   76         SH:  0    Dex: 11    Spells: 4/4 levels left

rFire   . . .      SeeInvis .   a - +1 hand axe
rCold   . . .      Faith    .   (no shield)
rNeg    . . .      Spirit   .   h - +2 ring mail {rPois}
rPois   +          Reflect  .   e - +0 helmet
rElec   .          Harm     .   b - +0 cloak
rCorr   .          Rampage  .   (no gloves)
Will    .....                   f - +2 pair of boots {Fly}
Stlth   +.........              (no amulet)
HPRegen 0.15/turn               (no ring)
MPRegen 0.10/turn               (no ring)

@: flying
A: no striking features
a: Renounce Religion, Depart the Abyss, Bend Space


You were on level 4 of the Dungeon.
You worshipped Lugonu.
Lugonu was pleased with you.
You visited 1 branch of the dungeon, and saw 4 of its levels.
You visited the Abyss 1 time.

You collected 76 gold pieces.

Inventory:

Hand Weapons
 a - a +1 hand axe (weapon)
Armour
 b - a +0 cloak (worn)
 e - a +0 helmet (worn)
 f - a +2 pair of boots of flying (worn)
 h - a +2 ring mail of poison resistance (worn)
Jewellery
 c - a ring of magical power
Potions
 d - 2 potions of curing


   Skills:
 + Level 4.7 Fighting
 * Level 5.3 Axes
 + Level 3.4 Armour
 - Level 0.7 Dodging
 + Level 3.3 Invocations


You had 4 spell levels left.
You didn't know any spells.
Your spell library contained the following spells:

 Spells                   Type           Power      Damage    Failure   Level
 Magic Dart               Conj           0%         1d3       56%         1
 Searing Ray              Conj           0%         2d4       71%         2
 Fulminant Prism          Conj/Hex       0%         3d6       100%        4


Dungeon Overview and Level Annotations

Branches:
Dungeon (4/15)
 Temple: D:4-7

Altars:
Yredelemnul


Message History

The wyvern hisses angrily.
There is an open door here.
You slash the wyvern!
The wyvern is moderately wounded.
The wyvern bites you!
The wyvern bites you but does no damage.
You hit the wyvern.
The wyvern is moderately wounded.
The wyvern bites you but does no damage.
The wyvern bites you.
You hit the wyvern.
The wyvern is heavily wounded.
The wyvern closely misses you.
You hit the wyvern.
The wyvern is severely wounded.
The wyvern closely misses you.
The wyvern bites you but does no damage.
You closely miss the wyvern.
The wyvern is severely wounded.
The wyvern completely misses you.
You hit the wyvern.
The wyvern is almost dead.
The wyvern bites you! The wyvern barely misses you.
You hit the wyvern but do no damage.
The wyvern is almost dead.
The wyvern barely misses you.
You closely miss the wyvern.
The wyvern is almost dead.
The wyvern bites you! x2
* * * LOW HITPOINT WARNING * * *
You hit the wyvern but do no damage.
The wyvern is almost dead.
The wyvern bites you.
* * * LOW HITPOINT WARNING * * *
You barely miss the wyvern.
The wyvern is almost dead.
The wyvern closely misses you.
The wyvern hisses menacingly.
The wyvern bites you!
You die...

###
#.####.#.##....#
######.##.[.#.....#
...#...##.#######.#
.#.g....#.# #...#
.#........# #.####
....Oo..### #....#
###.....#
######'#### #
#.....# #.........#
# #.....#
#...@.....#
..######
#..$l.....# ##.
#.........# #.
#...........# #.
#.........###
#######.........#
................#
........#########
........#


You could see a wyvern.

Vanquished Creatures
  A centaur skeleton (D:4)
  2 iguanas (D:3)
  Robin (D:3)
  2 adders
  An adder skeleton (D:4)
  A worm (D:2)
  2 orcs (D:3)
  4 bats
  2 endoplasms
  4 giant cockroaches
  8 goblins
  8 hobgoblins
  4 jackals (D:1)
  4 kobolds
  2 quokkas (D:1)
  8 ball pythons
  3 frilled lizards (D:1)
  5 rats
62 creatures vanquished.

Notes
Turn   | Place    | Note
-------+----------+-------------------------------------------
     0 | Abyss:1  | Spaninq the Hill Orc Abyssal Knight began the quest for the
                  | Orb.
     0 | Abyss:1  | Reached XP level 1. HP: 19/19 MP: 2/2
    28 | Abyss:1  | Noticed a raiju
    30 | D:1      | Escaped the Abyss
    80 | D:1      | Reached * piety under Lugonu
   263 | D:1      | Reached skill level 3 in Axes
   378 | D:1      | Reached XP level 2. HP: 27/27 MP: 3/3
   884 | D:1      | Reached XP level 3. HP: 32/33 MP: 4/4
  1280 | D:2      | Reached skill level 4 in Axes
  1362 | D:2      | Reached ** piety under Lugonu
  1756 | D:2      | Reached XP level 4. HP: 38/40 MP: 5/5
  2106 | D:3      | You fall into a shaft and drop 1 floor!
  2106 | D:4      | Noticed an ogre
  2157 | D:3      | Reached XP level 5. HP: 16/47 MP: 7/7
  2439 | D:3      | Reached skill level 5 in Axes
  2490 | D:3      | Found a basalt altar of Yredelemnul.
  3067 | D:3      | Noticed Robin
  3072 | D:3      | Killed Robin
  3089 | D:4      | Noticed a wyvern
  3395 | D:4      | Slain by a wyvern

Illustrated notes

Levels and vault maps discovered:
D:1:      mushboom_english_gardens, layout_basic
D:2:      layout_basic
D:3:      layout_loops_cross, mainiacjoe_overflow_alcove_2, bh_walls_and_bars,
          uniq_robin
D:4:      layout_basic, lemuel_crystal_altar, trog_book, mrwooster_statue_mirror

Skill      XL: |  1  2  3  4  5 |
---------------+----------------+-----
Axes           | 3 4 5 |  5.3
Fighting       | 4 |  4.7
Armour         | 3 |  3.4
Invocations    | 3 |  3.3
Dodging        | |  0.7

Action                   |  1- 3 |  4- 6 || total
-------------------------+-------+-------++-------
Melee: Hand axe          |   114 |    93 ||   207
Invok: Depart the Abyss  |     1 |       ||     1
       Bend Space        |       |     1 ||     1
  Use: Scroll            |       |     3 ||     3
       Potion            |       |     1 ||     1
 Stab: Sleeping          |     1 |       ||     1
Armor: Leather armour    |    20 |       ||    20
       Scale mail        |    23 |    49 ||    72
       Ring mail         |       |     3 ||     3
Dodge: Dodged            |    70 |    64 ||   134

Table legend: (Time is in decaauts)
 A = Elapsed time spent in this place.
 B = Non-inter-level travel time spent in this place.
 C = Inter-level travel time spent in this place.
 D = Time resting spent in this place.
 E = Time spent auto-exploring this place.
 F = Levels seen in this place.
 G = Mean time per level.
                   A        B        C        D        E       F      G
               +--------+--------+--------+--------+--------+-----+--------+
         Total |   3418 |   3186 |    232 |    572 |   1947 |   5 |  683.6 |
       Dungeon |   3388 |   3156 |    232 |    572 |   1947 |   4 |  847.0 |
         Abyss |     30 |     30 |      0 |      0 |      0 |   1 |   30.0 |
               +--------+--------+--------+--------+--------+-----+--------+

Top non-repeatable levels by time:
     D:3: 1364 daAuts
     D:1: 1121 daAuts
     D:2: 777 daAuts
     D:4: 124 daAuts
 Abyss:1: 30 daAuts
